[ AOE2 MATCH · #480218248 ]
Team RMCumans vs Poles
[ REPLAY ANALYSIS · EXTRACTED FROM THE RECORDED GAME ]
Feudal
13:23
Castle
24:56
Imperial
37:10
| APM avg | 15.1 |
| APM peak | 39 |
| eAPM avg | 9.7 |
| Villagers / military | 89 / 85 |
Focus
⚔️ 22.8% · 🌾 77.2%
Steppe Lancer ×71 · Camel Scout ×12 · Trade Cart ×6 · Monk ×2
Feudal
14:23
Castle
18:58
Imperial
34:00
| APM avg | 28.2 |
| APM peak | 71 |
| eAPM avg | 21.0 |
| Villagers / military | 166 / 204 |
Focus
⚔️ 37.9% · 🌾 62.1%
Knight ×125 · Spearman ×35 · Scout Cavalry ×34 · Bombard Cannon ×10 · Trade Cart ×4
Feudal
10:10
Castle
23:05
Imperial
35:56
| APM avg | 15.7 |
| APM peak | 35 |
| eAPM avg | 11.4 |
| Villagers / military | 105 / 115 |
Focus
⚔️ 39.0% · 🌾 61.0%
Longbowman ×69 · Militia ×42 · Trade Cart ×17 · Monk ×4
Feudal
12:27
Castle
21:14
Imperial
39:09
| APM avg | 24.3 |
| APM peak | 70 |
| eAPM avg | 12.3 |
| Villagers / military | 124 / 89 |
Focus
⚔️ 27.8% · 🌾 72.2%
Knight ×89
Feudal
11:49
Castle
18:09
Imperial
37:27
| APM avg | 11.8 |
| APM peak | 29 |
| eAPM avg | 10.6 |
| Villagers / military | 143 / 105 |
Focus
⚔️ 24.6% · 🌾 75.4%
Scout Cavalry ×41 · Spearman ×39 · Teutonic Knight ×19 · Militia ×6
Feudal
13:17
Castle
18:03
Imperial
31:01
| APM avg | 11.7 |
| APM peak | 39 |
| eAPM avg | 10.3 |
| Villagers / military | 115 / 114 |
Focus
⚔️ 32.6% · 🌾 67.4%
Scorpion ×94 · Trade Cart ×16 · Mangonel ×9 · Trebuchet (Packed) ×7 · Scout Cavalry ×3 · Ballista Elephant ×1
Feudal
12:49
Castle
16:44
Imperial
32:46
| APM avg | 35.2 |
| APM peak | 91 |
| eAPM avg | 22.0 |
| Villagers / military | 138 / 149 |
Focus
⚔️ 28.6% · 🌾 71.4%
Tarkan ×90 · Knight ×40 · Spearman ×18 · Scout Cavalry ×1
Feudal
12:01
Castle
20:23
Imperial
35:24
| APM avg | 13.0 |
| APM peak | 37 |
| eAPM avg | 8.6 |
| Villagers / military | 84 / 125 |
Focus
⚔️ 29.8% · 🌾 70.2%
Archer ×57 · Spearman ×44 · Shotel Warrior ×12 · Trebuchet (Packed) ×5 · Trade Cart ×4 · Monk ×3
Match map
Initial resources + every placement click. Lines = walls · curves = elevation contours. ◆ gold · ⬟ stone · ● berries · ✦ relic · ◌ wall gap
Your base· ✓ Closed at 24:56 · 17t walls · 3 gate(s)
M1rc0ss_'s base· ✓ Closed at 18:58 · 0t walls · 3 gate(s)
DLirio_'s base· ✓ Closed at 23:05 · 0t walls · 2 gate(s)
AFABOSTERA's base· ✓ Closed at 21:14 · 0t walls · 3 gate(s)
Peacethiew's base· ✓ Closed at 18:09 · 0t walls · 3 gate(s)
MylordSoares's base· ✓ Closed at 18:03 · 0t walls · 2 gate(s)
Gotha's base· ✓ Closed at 16:44 · 0t walls · 3 gate(s)
Caronte's base· ✓ Closed at 20:23 · 0t walls · 2 gate(s)
Smoothed initial terrain · ◌ = detected wall gap · hover for details
Inputs per minute
— babayega - - M1rc0ss_
Build order — babayega
First 150 of 275 actions detected
| 0:06 | Build | House |
| 0:09 | Build | House |
| 0:37 | Create | Villager (Male) ×4 |
| 2:12 | Create | Villager (Male) |
| 2:25 | Create | Villager (Male) |
| 2:46 | Create | Villager (Male) |
| 3:26 | Create | Villager (Male) |
| 3:34 | Create | Villager (Male) |
| 4:18 | Create | Villager (Male) |
| 4:34 | Build | House |
| 4:48 | Build | Lumber Camp |
| 5:12 | Build | Palisade Wall |
| 5:25 | Create | Villager (Male) |
| 5:27 | Create | Villager (Male) |
| 5:37 | Create | Villager (Male) |
| 5:38 | Create | Villager (Male) |
| 5:38 | Create | Villager (Male) |
| 6:23 | Create | Villager (Male) |
| 6:49 | Build | Mill |
| 6:54 | Create | Villager (Male) |
| 8:02 | Create | Villager (Male) |
| 8:02 | Create | Villager (Male) |
| 8:08 | Build | House |
| 8:13 | Research | Loom |
| 8:47 | Build | House |
| 9:12 | Create | Villager (Male) |
| 9:40 | Build | Palisade Gate |
| 9:49 | Build | Barracks |
| 9:58 | Create | Villager (Male) |
| 10:01 | Create | Villager (Male) |
| 10:33 | Create | Villager (Male) |
| 10:37 | Research | Feudal Age |
| 10:51 | Build | Mining Camp |
| 11:17 | Build | Farm |
| 11:18 | Build | Farm |
| 11:47 | Build | Farm |
| 11:53 | Build | Farm |
| 12:06 | Build | Farm |
| 12:26 | Build | Farm |
| 13:23 | Age | Feudal Age |
| 13:30 | Create | Villager (Male) |
| 13:31 | Create | Villager (Male) |
| 13:59 | Build | Town Center |
| 14:15 | Build | Farm |
| 14:18 | Create | Villager (Male) |
| 14:47 | Build | Farm |
| 15:00 | Create | Villager (Male) |
| 15:05 | Create | Villager (Male) |
| 15:22 | Research | Double-Bit Axe |
| 15:31 | Build | House |
| 15:32 | Build | House |
| 15:38 | Create | Villager (Male) |
| 15:38 | Create | Villager (Male) |
| 15:39 | Create | Villager (Male) |
| 15:39 | Create | Villager (Male) |
| 15:41 | Create | Villager (Male) |
| 15:58 | Build | Mining Camp |
| 16:19 | Build | Farm |
| 16:32 | Create | Villager (Male) |
| 16:32 | Create | Villager (Male) |
| 16:44 | Create | Villager (Male) |
| 16:45 | Create | Villager (Male) |
| 16:46 | Create | Villager (Male) |
| 17:15 | Build | Farm |
| 17:18 | Create | Villager (Male) |
| 17:18 | Create | Villager (Male) |
| 17:36 | Build | House |
| 17:38 | Build | House |
| 17:41 | Build | House |
| 17:42 | Build | House |
| 17:51 | Build | Farm |
| 17:55 | Build | Farm |
| 18:02 | Research | Wheelbarrow |
| 18:05 | Research | Town Watch |
| 18:32 | Create | Villager (Male) |
| 18:33 | Create | Villager (Male) |
| 18:42 | Build | House |
| 18:43 | Build | House |
| 18:48 | Research | Gold Mining |
| 18:50 | Research | Stone Mining |
| 18:54 | Research | Horse Collar |
| 19:03 | Create | Villager (Male) |
| 19:10 | Build | Farm |
| 19:12 | Build | House |
| 19:34 | Build | Farm |
| 19:54 | Build | Farm |
| 19:57 | Create | Villager (Male) |
| 19:57 | Create | Villager (Male) |
| 20:02 | Create | Villager (Male) |
| 20:02 | Create | Villager (Male) |
| 20:13 | Build | House |
| 20:14 | Build | House |
| 20:33 | Build | Market |
| 20:52 | Create | Villager (Male) |
| 20:53 | Create | Villager (Male) |
| 21:09 | Create | Villager (Male) |
| 21:09 | Create | Villager (Male) |
| 21:31 | Build | Blacksmith |
| 21:59 | Build | Farm |
| 22:06 | Create | Villager (Male) |
| 22:06 | Create | Villager (Male) |
| 22:13 | Build | Farm |
| 22:16 | Research | Castle Age |
| 22:27 | Build | Farm |
| 22:28 | Build | Farm |
| 22:38 | Build | House |
| 22:39 | Build | House |
| 22:53 | Build | House |
| 22:55 | Build | House |
| 22:56 | Build | House |
| 22:58 | Build | House |
| 22:59 | Build | House |
| 23:01 | Build | House |
| 23:08 | Build | House |
| 23:10 | Build | House |
| 23:12 | Build | House |
| 23:13 | Build | House |
| 23:14 | Build | House |
| 23:15 | Build | House |
| 23:20 | Create | Villager (Male) |
| 23:21 | Create | Villager (Male) |
| 23:23 | Create | Villager (Male) |
| 23:29 | Create | Villager (Male) |
| 23:45 | Build | Stable |
| 23:47 | Research | Man-at-Arms (upgrade) |
| 23:51 | Research | Arson |
| 23:54 | Research | Forging |
| 24:04 | Research | Fletching |
| 24:05 | Research | Fletching |
| 24:16 | Create | Trade Cart ×2 |
| 24:40 | Create | Villager (Male) |
| 24:56 | Age | Castle Age |
| 24:59 | Build | Archery Range |
| 25:18 | Build | Castle |
| 25:28 | Research | Hand Cart |
| 25:35 | Build | Town Center |
| 25:44 | Create | Villager (Male) |
| 25:44 | Create | Villager (Male) |
| 25:44 | Create | Villager (Male) |
| 25:46 | Create | Villager (Male) |
| 26:17 | Research | Bloodlines |
| 26:24 | Research | Scale Barding Armor |
| 26:30 | Build | Farm |
| 26:36 | Create | Villager (Male) |
| 26:37 | Create | Villager (Male) |
| 26:59 | Build | Farm |
| 27:13 | Research | Heavy Plow |
| 27:16 | Research | Bow Saw |
| 27:21 | Build | Farm |
| 27:25 | Build | Farm |
Build order — M1rc0ss_
First 150 of 581 actions detected
| 0:04 | Build | House |
| 0:05 | Create | Villager (Male) |
| 0:06 | Research | Loom |
| 0:06 | Create | Villager (Male) |
| 0:07 | Create | Villager (Male) |
| 0:07 | Create | Villager (Male) |
| 0:07 | Create | Villager (Male) |
| 0:07 | Create | Villager (Male) |
| 0:30 | Build | House |
| 0:31 | Build | House |
| 0:32 | Build | House |
| 1:38 | Create | Villager (Male) |
| 1:38 | Create | Villager (Male) |
| 2:19 | Create | Villager (Male) |
| 2:19 | Create | Villager (Male) |
| 2:19 | Create | Villager (Male) |
| 2:53 | Create | Villager (Male) |
| 2:54 | Create | Villager (Male) |
| 3:26 | Create | Villager (Male) |
| 3:26 | Create | Villager (Male) |
| 3:26 | Create | Villager (Male) |
| 3:44 | Create | Villager (Male) |
| 3:44 | Create | Villager (Male) |
| 4:18 | Create | Villager (Male) |
| 4:18 | Create | Villager (Male) |
| 4:18 | Create | Villager (Male) |
| 4:18 | Create | Villager (Male) |
| 5:12 | Create | Villager (Male) |
| 5:12 | Create | Villager (Male) |
| 5:44 | Create | Villager (Male) |
| 5:44 | Create | Villager (Male) |
| 5:44 | Create | Villager (Male) |
| 5:53 | Build | Lumber Camp |
| 6:06 | Create | Villager (Male) |
| 6:06 | Create | Villager (Male) |
| 6:07 | Create | Villager (Male) |
| 6:37 | Create | Villager (Male) |
| 6:50 | Create | Villager (Male) |
| 7:41 | Create | Villager (Male) |
| 7:41 | Create | Villager (Male) |
| 7:41 | Create | Villager (Male) |
| 7:54 | Build | Mill |
| 7:59 | Create | Villager (Male) |
| 8:09 | Build | House |
| 8:11 | Build | House |
| 8:13 | Build | House |
| 8:14 | Build | House |
| 8:20 | Create | Villager (Male) |
| 8:36 | Create | Villager (Male) |
| 8:47 | Build | Mining Camp |
| 9:10 | Build | Mining Camp |
| 9:36 | Create | Villager (Male) |
| 9:55 | Build | Lumber Camp |
| 10:03 | Create | Villager (Male) |
| 10:17 | Create | Villager (Male) |
| 10:25 | Build | Farm |
| 10:30 | Create | Villager (Male) |
| 10:46 | Create | Villager (Male) |
| 11:00 | Build | Farm |
| 11:16 | Build | Farm |
| 11:19 | Build | Farm |
| 11:22 | Create | Villager (Male) |
| 11:38 | Build | House |
| 11:39 | Build | House |
| 11:41 | Build | House |
| 11:51 | Build | Farm |
| 12:00 | Research | Feudal Age |
| 12:23 | Build | Farm |
| 14:20 | Create | Villager (Male) |
| 14:20 | Create | Villager (Male) |
| 14:20 | Create | Villager (Male) |
| 14:23 | Age | Feudal Age |
| 14:31 | Build | Market |
| 14:43 | Build | Blacksmith |
| 14:52 | Build | Farm |
| 14:59 | Build | House |
| 15:02 | Build | House |
| 15:21 | Build | Barracks |
| 15:32 | Create | Villager (Male) |
| 15:52 | Build | Mill |
| 16:06 | Build | Mill |
| 16:18 | Research | Castle Age |
| 16:29 | Build | Stable |
| 16:37 | Build | Farm |
| 16:39 | Build | Farm |
| 16:49 | Research | Double-Bit Axe |
| 16:59 | Research | Horse Collar |
| 18:31 | Create | Villager (Male) |
| 18:31 | Create | Villager (Male) |
| 18:33 | Create | Villager (Male) |
| 18:58 | Age | Castle Age |
| 19:01 | Build | Town Center |
| 19:16 | Build | Town Center |
| 19:34 | Build | Town Center |
| 19:58 | Research | Heavy Plow |
| 20:01 | Research | Bow Saw |
| 20:11 | Create | Villager (Male) |
| 20:12 | Create | Villager (Male) |
| 20:16 | Build | Farm |
| 20:24 | Create | Villager (Male) |
| 20:26 | Create | Villager (Male) |
| 20:26 | Create | Villager (Male) |
| 20:41 | Create | Villager (Male) |
| 20:41 | Create | Villager (Male) |
| 20:43 | Build | Farm |
| 20:49 | Create | Villager (Male) |
| 20:49 | Create | Villager (Male) |
| 20:49 | Create | Villager (Male) |
| 21:01 | Create | Villager (Male) |
| 21:02 | Create | Villager (Male) |
| 21:02 | Create | Villager (Male) |
| 21:02 | Create | Villager (Male) |
| 21:28 | Build | Farm |
| 21:39 | Create | Villager (Male) |
| 21:39 | Create | Villager (Male) |
| 21:39 | Create | Villager (Male) |
| 21:39 | Create | Villager (Male) |
| 21:40 | Create | Villager (Male) |
| 21:45 | Build | Farm |
| 21:49 | Build | Farm |
| 21:52 | Create | Villager (Male) |
| 21:52 | Create | Villager (Male) |
| 21:52 | Create | Villager (Male) |
| 21:55 | Build | Farm |
| 21:58 | Build | Farm |
| 22:03 | Create | Villager (Male) |
| 22:03 | Create | Villager (Male) |
| 22:13 | Research | Gold Mining |
| 22:16 | Research | Stone Mining |
| 22:23 | Create | Villager (Male) |
| 22:23 | Create | Villager (Male) |
| 22:24 | Create | Villager (Male) |
| 22:24 | Create | Villager (Male) |
| 22:24 | Create | Villager (Male) |
| 22:34 | Build | Mill |
| 22:40 | Create | Villager (Male) |
| 22:41 | Create | Villager (Male) |
| 22:41 | Create | Villager (Male) |
| 22:53 | Create | Villager (Male) |
| 22:54 | Create | Villager (Male) |
| 22:54 | Create | Villager (Male) |
| 22:59 | Create | Villager (Male) |
| 23:00 | Create | Villager (Male) |
| 23:15 | Create | Villager (Male) |
| 23:15 | Create | Villager (Male) |
| 23:18 | Build | Farm |
| 23:20 | Build | Farm |
| 23:21 | Build | Farm |
| 23:23 | Build | Farm |
| 23:24 | Build | Farm |
Build order — DLirio_
First 150 of 369 actions detected
| 0:11 | Create | Villager (Male) |
| 0:11 | Research | Loom |
| 0:11 | Create | Villager (Male) |
| 0:12 | Create | Villager (Male) |
| 0:12 | Create | Villager (Male) |
| 0:28 | Build | House |
| 1:14 | Build | House |
| 1:19 | Build | House |
| 1:36 | Build | House |
| 1:40 | Create | Villager (Male) |
| 2:40 | Create | Villager (Male) |
| 2:41 | Create | Villager (Male) |
| 2:41 | Create | Villager (Male) |
| 3:20 | Create | Villager (Male) |
| 3:20 | Create | Villager (Male) |
| 4:03 | Build | Mill |
| 4:11 | Create | Villager (Male) |
| 4:12 | Create | Villager (Male) |
| 4:20 | Create | Villager (Male) |
| 4:43 | Create | Villager (Male) |
| 4:46 | Create | Villager (Male) |
| 4:47 | Create | Villager (Male) |
| 4:47 | Create | Villager (Male) |
| 4:47 | Create | Villager (Male) |
| 6:27 | Build | Lumber Camp |
| 8:00 | Research | Feudal Age |
| 8:01 | Create | Villager (Male) |
| 8:01 | Create | Villager (Male) |
| 8:01 | Create | Villager (Male) |
| 8:01 | Create | Villager (Male) |
| 10:06 | Build | House |
| 10:10 | Age | Feudal Age |
| 10:25 | Research | Double-Bit Axe |
| 10:28 | Research | Horse Collar |
| 10:42 | Build | Blacksmith |
| 10:50 | Build | Farm |
| 10:52 | Build | Farm |
| 10:53 | Build | Farm |
| 11:00 | Build | Farm |
| 11:03 | Build | Farm |
| 11:05 | Build | Farm |
| 11:07 | Build | Farm |
| 11:11 | Research | Wheelbarrow |
| 12:01 | Build | Mining Camp |
| 12:20 | Create | Villager (Male) |
| 12:20 | Create | Villager (Male) |
| 12:20 | Create | Villager (Male) |
| 13:28 | Build | Barracks |
| 13:39 | Create | Villager (Male) |
| 13:39 | Create | Villager (Male) |
| 13:40 | Create | Villager (Male) |
| 13:40 | Create | Villager (Male) |
| 13:49 | Research | Town Watch |
| 14:20 | Build | Mining Camp |
| 14:35 | Research | Man-at-Arms (upgrade) |
| 14:44 | Create | Villager (Male) |
| 14:45 | Create | Villager (Male) |
| 15:04 | Build | House |
| 15:05 | Build | House |
| 15:06 | Build | House |
| 15:16 | Build | Farm |
| 15:38 | Build | Farm |
| 15:43 | Build | Farm |
| 15:49 | Build | Farm |
| 15:53 | Create | Villager (Male) |
| 15:54 | Create | Villager (Male) |
| 16:05 | Create | Militia |
| 16:14 | Research | Gold Mining |
| 16:26 | Create | Militia |
| 16:37 | Create | Villager (Male) |
| 16:37 | Create | Villager (Male) |
| 16:43 | Build | Farm |
| 17:00 | Build | Farm |
| 17:07 | Build | Farm |
| 17:19 | Build | House |
| 17:22 | Build | House |
| 17:26 | Build | House |
| 17:33 | Create | Villager (Male) |
| 17:52 | Build | Mining Camp |
| 18:32 | Create | Villager (Male) |
| 18:32 | Create | Villager (Male) |
| 18:57 | Build | Market |
| 19:09 | Build | House |
| 19:15 | Build | House |
| 19:26 | Build | House |
| 19:35 | Create | Villager (Male) |
| 19:44 | Create | Villager (Male) |
| 20:07 | Build | Mining Camp |
| 20:23 | Research | Castle Age |
| 20:24 | Create | Villager (Male) |
| 20:24 | Create | Villager (Male) |
| 20:24 | Create | Villager (Male) |
| 20:39 | Build | Mining Camp |
| 20:50 | Create | Militia |
| 20:50 | Create | Militia |
| 21:00 | Create | Trade Cart |
| 21:01 | Create | Trade Cart |
| 21:35 | Create | Villager (Male) |
| 21:35 | Create | Villager (Male) |
| 21:40 | Research | Stone Mining |
| 21:49 | Build | Mining Camp |
| 22:19 | Build | Mining Camp |
| 22:29 | Create | Militia |
| 22:29 | Create | Militia |
| 22:35 | Research | Forging |
| 22:38 | Research | Scale Mail Armor |
| 22:41 | Create | Villager (Male) |
| 22:42 | Create | Villager (Male) |
| 22:42 | Create | Villager (Male) |
| 22:42 | Create | Villager (Male) |
| 23:05 | Age | Castle Age |
| 23:05 | Build | Barracks |
| 23:23 | Research | Long Swordsman (upgrade) |
| 23:41 | Build | Town Center |
| 23:49 | Research | Bow Saw |
| 23:51 | Research | Heavy Plow |
| 23:54 | Create | Villager (Male) |
| 24:09 | Research | Gambesons |
| 24:10 | Research | Squires |
| 24:23 | Create | Militia |
| 24:24 | Create | Militia |
| 24:57 | Create | Villager (Male) |
| 25:07 | Research | Caravan |
| 25:22 | Create | Villager (Male) |
| 25:22 | Create | Villager (Male) |
| 25:38 | Build | Monastery |
| 25:52 | Build | University |
| 26:02 | Research | Gold Shaft Mining |
| 26:08 | Create | Villager (Male) |
| 26:08 | Create | Villager (Male) |
| 26:15 | Create | Villager (Male) |
| 26:29 | Create | Monk |
| 26:29 | Create | Monk |
| 26:44 | Create | Villager (Male) |
| 26:45 | Create | Villager (Male) |
| 26:49 | Create | Villager (Male) |
| 26:49 | Create | Villager (Male) |
| 26:52 | Create | Trade Cart |
| 26:52 | Create | Trade Cart |
| 27:03 | Build | Farm |
| 27:12 | Build | Farm |
| 27:18 | Build | Farm |
| 27:22 | Create | Villager (Male) |
| 27:22 | Create | Villager (Male) |
| 27:33 | Build | Mining Camp |
| 27:43 | Build | Mining Camp |
| 28:12 | Build | Castle |
| 28:21 | Research | Hand Cart |
| 28:23 | Create | Villager (Male) |
| 28:23 | Create | Villager (Male) |
Build order — AFABOSTERA
First 150 of 348 actions detected
| 0:01 | Create | Villager (Male) |
| 0:01 | Create | Villager (Male) |
| 0:02 | Create | Villager (Male) |
| 0:03 | Build | House |
| 0:07 | Build | House |
| 0:52 | Create | Villager (Male) |
| 1:50 | Create | Villager (Male) |
| 1:50 | Create | Villager (Male) |
| 2:24 | Create | Villager (Male) |
| 2:40 | Create | Villager (Male) |
| 2:40 | Create | Villager (Male) |
| 2:41 | Create | Villager (Male) |
| 3:30 | Create | Villager (Male) |
| 3:30 | Create | Villager (Male) |
| 3:31 | Create | Villager (Male) |
| 4:05 | Create | Villager (Male) |
| 5:05 | Create | Villager (Male) |
| 5:06 | Create | Villager (Male) |
| 5:09 | Build | House |
| 6:01 | Build | Mill |
| 6:32 | Create | Villager (Male) |
| 6:33 | Create | Villager (Male) |
| 6:33 | Create | Villager (Male) |
| 6:33 | Create | Villager (Male) |
| 6:34 | Create | Villager (Male) |
| 6:39 | Build | House |
| 6:45 | Build | Lumber Camp |
| 8:19 | Create | Villager (Male) |
| 8:22 | Create | Villager (Male) |
| 8:23 | Create | Villager (Male) |
| 8:44 | Build | Mining Camp |
| 8:46 | Build | House |
| 9:13 | Create | Villager (Male) |
| 9:40 | Research | Feudal Age |
| 10:46 | Build | Barracks |
| 11:30 | Build | House |
| 11:42 | Create | Villager (Male) |
| 11:43 | Create | Villager (Male) |
| 11:43 | Create | Villager (Male) |
| 11:43 | Create | Villager (Male) |
| 12:27 | Age | Feudal Age |
| 12:34 | Build | Farm |
| 12:37 | Build | Farm |
| 12:48 | Build | Market |
| 12:59 | Build | Stable |
| 13:11 | Build | Stable |
| 13:12 | Build | Stable |
| 13:26 | Build | Market |
| 13:38 | Build | Blacksmith |
| 13:42 | Build | Farm |
| 13:45 | Build | Farm |
| 13:49 | Build | Farm |
| 13:56 | Build | Farm |
| 14:05 | Research | Double-Bit Axe |
| 14:18 | Build | Farm |
| 14:23 | Build | Farm |
| 14:49 | Build | Farm |
| 14:52 | Build | Farm |
| 15:08 | Build | Farm |
| 15:09 | Build | Farm |
| 15:10 | Build | Farm |
| 15:10 | Build | Farm |
| 15:11 | Build | Farm |
| 15:27 | Build | Farm |
| 15:29 | Build | Farm |
| 15:31 | Build | Farm |
| 15:38 | Build | Farm |
| 15:56 | Create | Villager (Male) |
| 15:57 | Create | Villager (Male) |
| 15:57 | Create | Villager (Male) |
| 15:57 | Create | Villager (Male) |
| 15:57 | Create | Villager (Male) |
| 18:02 | Build | Farm |
| 18:34 | Research | Castle Age |
| 19:10 | Research | Gold Mining |
| 19:16 | Research | Scale Barding Armor |
| 21:14 | Build | Stable |
| 21:14 | Age | Castle Age |
| 21:18 | Research | Bloodlines |
| 21:19 | Research | Husbandry |
| 21:24 | Research | Forging |
| 21:40 | Build | Town Center |
| 21:48 | Create | Villager (Male) |
| 21:48 | Create | Villager (Male) |
| 21:49 | Create | Villager (Male) |
| 21:50 | Create | Villager (Male) |
| 22:02 | Research | Bow Saw |
| 22:35 | Create | Knight |
| 22:36 | Create | Knight |
| 22:52 | Build | House |
| 22:53 | Build | House |
| 22:56 | Build | House |
| 22:58 | Build | House |
| 23:20 | Build | Farm |
| 23:38 | Create | Villager (Male) |
| 23:41 | Create | Villager (Male) |
| 23:41 | Create | Villager (Male) |
| 23:41 | Create | Villager (Male) |
| 23:41 | Create | Villager (Male) |
| 23:42 | Create | Villager (Male) |
| 24:00 | Build | Farm |
| 24:01 | Build | Farm |
| 24:02 | Build | Farm |
| 24:03 | Build | Farm |
| 24:04 | Build | Farm |
| 24:05 | Build | Farm |
| 24:06 | Build | Farm |
| 24:07 | Build | Farm |
| 24:08 | Build | Farm |
| 24:10 | Build | Farm |
| 24:22 | Research | Horse Collar |
| 24:45 | Research | Wheelbarrow |
| 24:47 | Create | Villager (Male) |
| 25:19 | Create | Knight |
| 25:22 | Create | Knight |
| 25:24 | Create | Knight |
| 25:26 | Create | Knight |
| 25:39 | Create | Villager (Male) |
| 25:39 | Create | Villager (Male) |
| 25:39 | Create | Villager (Male) |
| 26:16 | Build | Farm |
| 26:23 | Build | House |
| 26:24 | Build | House |
| 26:26 | Build | House |
| 26:31 | Create | Knight |
| 26:31 | Create | Knight |
| 26:31 | Create | Knight |
| 26:32 | Create | Knight |
| 26:32 | Create | Knight |
| 26:34 | Create | Knight |
| 26:37 | Create | Knight |
| 26:50 | Build | House |
| 27:01 | Research | Chain Barding Armor |
| 27:28 | Create | Villager (Male) |
| 27:29 | Create | Villager (Male) |
| 27:29 | Create | Villager (Male) |
| 27:29 | Create | Villager (Male) |
| 27:29 | Create | Villager (Male) |
| 27:30 | Create | Villager (Male) |
| 27:59 | Create | Knight |
| 27:59 | Create | Knight |
| 27:59 | Create | Knight |
| 27:59 | Create | Knight |
| 28:00 | Create | Knight |
| 28:00 | Create | Knight |
| 29:25 | Build | House |
| 29:26 | Build | House |
| 29:27 | Build | House |
| 29:28 | Build | House |
| 29:34 | Create | Knight |
Build order — Peacethiew
First 150 of 319 actions detected
| 0:51 | Build | House |
| 0:57 | Build | House |
| 1:09 | Create | Villager (Male) |
| 1:09 | Create | Villager (Male) |
| 1:09 | Create | Villager (Male) |
| 1:10 | Create | Villager (Male) |
| 2:46 | Create | Villager (Male) |
| 3:23 | Create | Villager (Male) |
| 3:23 | Create | Villager (Male) |
| 3:31 | Create | Villager (Male) |
| 3:52 | Build | Mill |
| 3:57 | Create | Villager (Male) |
| 4:12 | Create | Villager (Male) |
| 4:19 | Build | House |
| 4:46 | Create | Villager (Male) |
| 4:50 | Create | Villager (Male) |
| 5:15 | Create | Villager (Male) |
| 5:22 | Create | Villager (Male) |
| 5:51 | Create | Villager (Male) |
| 6:10 | Create | Villager (Male) |
| 6:22 | Create | Villager (Male) |
| 6:55 | Create | Villager (Male) |
| 7:20 | Build | House |
| 7:23 | Build | Lumber Camp |
| 8:06 | Build | House |
| 8:11 | Create | Villager (Male) |
| 8:40 | Create | Villager (Male) |
| 8:59 | Build | Mining Camp |
| 9:39 | Research | Feudal Age |
| 9:47 | Build | Farm |
| 9:47 | Build | Farm |
| 9:48 | Build | Farm |
| 9:49 | Build | Farm |
| 9:50 | Build | Farm |
| 10:20 | Build | Farm |
| 11:49 | Age | Feudal Age |
| 11:53 | Create | Villager (Male) |
| 11:53 | Create | Villager (Male) |
| 12:07 | Create | Villager (Male) |
| 12:23 | Build | Blacksmith |
| 12:27 | Build | House |
| 12:30 | Create | Villager (Male) |
| 12:52 | Create | Villager (Male) |
| 13:12 | Build | Market |
| 13:17 | Create | Villager (Male) |
| 13:40 | Create | Villager (Male) |
| 14:56 | Build | Mill |
| 15:29 | Research | Castle Age |
| 16:16 | Research | Horse Collar |
| 16:53 | Research | Double-Bit Axe |
| 17:26 | Research | Gold Mining |
| 17:36 | Build | Farm |
| 18:09 | Age | Castle Age |
| 18:11 | Create | Villager (Male) |
| 18:11 | Create | Villager (Male) |
| 18:27 | Create | Villager (Male) |
| 18:40 | Build | Town Center |
| 18:47 | Create | Villager (Male) |
| 19:10 | Build | House |
| 19:10 | Build | House |
| 19:11 | Build | House |
| 19:30 | Build | Town Center |
| 19:34 | Create | Villager (Male) |
| 19:56 | Create | Villager (Male) |
| 20:21 | Create | Villager (Male) |
| 20:37 | Create | Villager (Male) |
| 21:14 | Build | Mining Camp |
| 21:18 | Create | Villager (Male) |
| 21:18 | Create | Villager (Male) |
| 21:18 | Create | Villager (Male) |
| 21:43 | Create | Villager (Male) |
| 21:43 | Create | Villager (Male) |
| 21:43 | Create | Villager (Male) |
| 22:04 | Create | Villager (Male) |
| 22:04 | Create | Villager (Male) |
| 22:05 | Create | Villager (Male) |
| 22:24 | Create | Villager (Male) |
| 22:40 | Create | Villager (Male) |
| 22:56 | Build | Farm |
| 22:59 | Create | Villager (Male) |
| 23:00 | Create | Villager (Male) |
| 23:22 | Build | Town Center |
| 23:28 | Create | Villager (Male) |
| 23:28 | Create | Villager (Male) |
| 23:29 | Create | Villager (Male) |
| 23:29 | Create | Villager (Male) |
| 23:29 | Create | Villager (Male) |
| 23:30 | Create | Villager (Male) |
| 24:05 | Research | Stone Mining |
| 24:09 | Create | Villager (Male) |
| 24:09 | Create | Villager (Male) |
| 24:10 | Create | Villager (Male) |
| 24:34 | Build | University |
| 24:43 | Build | Farm |
| 24:45 | Build | Farm |
| 24:49 | Create | Villager (Male) |
| 24:49 | Create | Villager (Male) |
| 24:50 | Create | Villager (Male) |
| 24:50 | Create | Villager (Male) |
| 24:50 | Create | Villager (Male) |
| 24:50 | Create | Villager (Male) |
| 25:14 | Build | Farm |
| 25:15 | Build | Farm |
| 25:15 | Build | Farm |
| 25:22 | Research | Wheelbarrow |
| 25:22 | Create | Villager (Male) |
| 25:22 | Create | Villager (Male) |
| 25:42 | Create | Villager (Male) |
| 25:42 | Create | Villager (Male) |
| 25:43 | Create | Villager (Male) |
| 25:50 | Build | Farm |
| 25:51 | Build | Farm |
| 25:51 | Build | Farm |
| 25:53 | Build | Farm |
| 25:55 | Build | Farm |
| 26:00 | Build | Farm |
| 26:01 | Build | Farm |
| 26:02 | Build | Farm |
| 26:05 | Create | Villager (Male) |
| 26:13 | Create | Villager (Male) |
| 26:14 | Create | Villager (Male) |
| 26:14 | Create | Villager (Male) |
| 26:14 | Create | Villager (Male) |
| 26:36 | Build | House |
| 26:37 | Build | House |
| 26:38 | Build | House |
| 26:39 | Build | House |
| 26:50 | Build | Barracks |
| 26:51 | Build | Barracks |
| 26:53 | Build | Barracks |
| 26:54 | Build | Barracks |
| 27:07 | Create | Villager (Male) |
| 27:08 | Create | Villager (Male) |
| 27:08 | Create | Villager (Male) |
| 27:08 | Create | Villager (Male) |
| 27:09 | Create | Villager (Male) |
| 27:21 | Build | Farm |
| 27:21 | Build | Farm |
| 27:33 | Research | Bow Saw |
| 27:42 | Research | Stone Shaft Mining |
| 28:07 | Build | Mining Camp |
| 28:17 | Research | Hand Cart |
| 28:24 | Create | Villager (Male) ×5 |
| 28:25 | Create | Villager (Male) ×2 |
| 28:32 | Build | Town Center |
| 28:51 | Build | Barracks |
| 28:51 | Build | Barracks |
| 29:05 | Research | Town Watch |
| 29:06 | Research | Loom |
| 29:06 | Create | Villager (Male) |
Build order — MylordSoares
First 150 of 364 actions detected
| 0:10 | Build | House |
| 0:11 | Build | House |
| 0:17 | Create | Villager (Male) |
| 0:17 | Create | Villager (Male) |
| 0:17 | Create | Villager (Male) |
| 0:18 | Create | Villager (Male) |
| 0:18 | Create | Villager (Male) |
| 1:31 | Create | Villager (Male) |
| 2:34 | Create | Villager (Male) |
| 2:34 | Create | Villager (Male) |
| 2:34 | Create | Villager (Male) |
| 3:09 | Create | Villager (Male) |
| 3:50 | Create | Villager (Male) |
| 3:50 | Create | Villager (Male) |
| 3:50 | Create | Villager (Male) |
| 4:16 | Create | Villager (Male) |
| 4:25 | Create | Villager (Male) |
| 4:34 | Build | House |
| 4:54 | Create | Villager (Male) |
| 4:54 | Create | Villager (Male) |
| 4:55 | Create | Villager (Male) |
| 5:10 | Build | House |
| 5:38 | Create | Villager (Male) |
| 5:38 | Create | Villager (Male) |
| 5:38 | Create | Villager (Male) |
| 6:14 | Build | Mill |
| 6:26 | Create | Villager (Male) |
| 7:58 | Create | Villager (Male) |
| 7:59 | Create | Villager (Male) |
| 7:59 | Create | Villager (Male) |
| 7:59 | Create | Villager (Male) |
| 8:00 | Create | Villager (Male) |
| 8:15 | Create | Villager (Male) |
| 8:15 | Create | Villager (Male) |
| 8:43 | Build | Mill |
| 8:58 | Build | House |
| 9:00 | Build | House |
| 10:03 | Build | Lumber Camp |
| 11:01 | Build | Mining Camp |
| 11:07 | Research | Feudal Age |
| 12:05 | Build | Mining Camp |
| 13:17 | Age | Feudal Age |
| 13:34 | Create | Villager (Male) |
| 13:34 | Create | Villager (Male) |
| 13:35 | Create | Villager (Male) |
| 14:05 | Build | Farm |
| 14:29 | Build | Farm |
| 14:30 | Build | Farm |
| 14:31 | Build | Farm |
| 14:37 | Build | Farm |
| 14:59 | Build | Farm |
| 15:05 | Build | Farm |
| 15:06 | Build | Farm |
| 15:07 | Build | Farm |
| 15:09 | Build | Farm |
| 15:23 | Research | Castle Age |
| 15:35 | Build | House |
| 15:37 | Build | House |
| 15:44 | Create | Villager (Male) |
| 15:57 | Build | Farm |
| 16:26 | Research | Horse Collar |
| 16:52 | Build | Farm |
| 16:55 | Create | Villager (Male) |
| 16:56 | Create | Villager (Male) |
| 16:59 | Create | Villager (Male) |
| 16:59 | Create | Villager (Male) |
| 18:03 | Age | Castle Age |
| 18:34 | Build | Farm |
| 18:48 | Build | Town Center |
| 18:59 | Build | Farm |
| 19:24 | Build | Farm |
| 19:53 | Build | Farm |
| 20:27 | Create | Villager (Male) |
| 20:27 | Create | Villager (Male) |
| 20:27 | Create | Villager (Male) |
| 20:27 | Create | Villager (Male) |
| 20:27 | Create | Villager (Male) |
| 20:27 | Create | Villager (Male) |
| 20:57 | Build | Market |
| 21:31 | Create | Villager (Male) |
| 21:31 | Create | Villager (Male) |
| 21:31 | Create | Villager (Male) |
| 21:31 | Create | Villager (Male) |
| 21:32 | Create | Villager (Male) |
| 21:32 | Create | Villager (Male) |
| 22:15 | Research | Wheelbarrow |
| 22:47 | Build | Town Center |
| 22:53 | Research | Double-Bit Axe |
| 22:58 | Research | Heavy Plow |
| 23:06 | Build | House |
| 23:08 | Build | House |
| 23:10 | Build | House |
| 23:29 | Create | Villager (Male) |
| 23:30 | Create | Villager (Male) |
| 23:30 | Create | Villager (Male) |
| 23:30 | Create | Villager (Male) |
| 23:31 | Create | Villager (Male) |
| 23:31 | Create | Villager (Male) |
| 23:35 | Create | Villager (Male) |
| 23:35 | Create | Villager (Male) |
| 23:36 | Create | Villager (Male) |
| 23:36 | Create | Villager (Male) |
| 23:37 | Create | Villager (Male) |
| 23:57 | Create | Trade Cart |
| 23:57 | Create | Trade Cart |
| 23:57 | Create | Trade Cart |
| 23:58 | Create | Trade Cart |
| 24:00 | Research | Caravan |
| 24:01 | Create | Trade Cart |
| 24:01 | Create | Trade Cart |
| 24:22 | Create | Villager (Male) |
| 24:22 | Create | Villager (Male) |
| 24:22 | Create | Villager (Male) |
| 24:22 | Create | Villager (Male) |
| 24:22 | Create | Villager (Male) |
| 24:22 | Create | Villager (Male) |
| 24:22 | Create | Villager (Male) |
| 24:22 | Create | Villager (Male) |
| 24:32 | Build | Lumber Camp |
| 24:54 | Build | House |
| 24:55 | Build | House |
| 25:43 | Create | Villager (Male) |
| 25:44 | Create | Villager (Male) |
| 25:44 | Create | Villager (Male) |
| 25:44 | Create | Villager (Male) |
| 25:45 | Create | Villager (Male) |
| 25:47 | Research | Town Watch |
| 26:13 | Build | Farm |
| 26:15 | Build | Farm |
| 26:16 | Build | Farm |
| 26:23 | Build | Farm |
| 26:28 | Build | Farm |
| 26:40 | Build | Farm |
| 26:44 | Build | Farm |
| 26:54 | Build | Farm |
| 27:01 | Build | House |
| 27:03 | Build | House |
| 27:05 | Build | House |
| 27:07 | Build | House |
| 27:09 | Build | House |
| 27:12 | Build | House |
| 27:17 | Build | Farm |
| 27:21 | Build | Farm |
| 27:24 | Build | Farm |
| 27:32 | Build | Farm |
| 27:36 | Build | Farm |
| 27:51 | Research | Imperial Age |
| 28:15 | Build | Town Center |
| 28:24 | Research | Hand Cart |
| 28:28 | Create | Villager (Male) |
Build order — Gotha
First 150 of 436 actions detected
| 0:01 | Create | Villager (Male) |
| 0:01 | Create | Villager (Male) |
| 0:02 | Create | Villager (Male) |
| 0:02 | Create | Villager (Male) |
| 0:02 | Create | Villager (Male) |
| 1:31 | Create | Villager (Male) |
| 1:32 | Create | Villager (Male) |
| 1:52 | Build | Lumber Camp |
| 2:02 | Create | Villager (Male) |
| 2:02 | Create | Villager (Male) |
| 2:22 | Create | Villager (Male) |
| 2:49 | Create | Villager (Male) |
| 2:49 | Create | Villager (Male) |
| 3:45 | Create | Villager (Male) |
| 3:45 | Create | Villager (Male) |
| 4:24 | Create | Villager (Male) |
| 4:24 | Create | Villager (Male) |
| 4:49 | Create | Villager (Male) |
| 4:56 | Build | Mill |
| 5:06 | Create | Villager (Male) |
| 5:06 | Create | Villager (Male) |
| 5:07 | Create | Villager (Male) |
| 5:47 | Create | Villager (Male) |
| 5:47 | Create | Villager (Male) |
| 6:39 | Create | Villager (Male) |
| 6:47 | Create | Villager (Male) |
| 7:06 | Build | Barracks |
| 7:11 | Create | Villager (Male) |
| 7:51 | Create | Villager (Male) |
| 8:05 | Create | Villager (Male) |
| 8:32 | Build | Mill |
| 8:45 | Create | Villager (Male) |
| 9:18 | Create | Villager (Male) |
| 9:42 | Create | Villager (Male) |
| 10:14 | Create | Villager (Male) |
| 10:29 | Build | Mining Camp |
| 10:31 | Research | Feudal Age |
| 11:07 | Build | Farm |
| 11:29 | Create | Villager (Male) |
| 11:42 | Build | Farm |
| 11:47 | Build | Farm |
| 11:50 | Build | Farm |
| 12:20 | Build | Farm |
| 12:23 | Create | Villager (Male) |
| 12:49 | Age | Feudal Age |
| 12:53 | Build | Stable |
| 13:03 | Build | Blacksmith |
| 13:16 | Create | Villager (Male) |
| 13:19 | Research | Horse Collar |
| 13:27 | Research | Double-Bit Axe |
| 13:52 | Research | Castle Age |
| 14:54 | Create | Villager (Male) |
| 14:58 | Research | Stone Mining |
| 15:32 | Research | Gold Mining |
| 15:55 | Build | Mining Camp |
| 16:42 | Create | Villager (Male) |
| 16:44 | Age | Castle Age |
| 16:48 | Build | Town Center |
| 16:52 | Build | Town Center |
| 16:59 | Create | Villager (Male) |
| 17:20 | Build | University |
| 17:24 | Research | Forging |
| 17:28 | Create | Villager (Male) |
| 17:50 | Create | Villager (Male) |
| 18:02 | Build | Farm |
| 18:10 | Create | Villager (Male) |
| 18:11 | Create | Villager (Male) |
| 18:27 | Create | Villager (Male) |
| 18:28 | Create | Villager (Male) |
| 18:32 | Build | Farm |
| 18:33 | Create | Villager (Male) |
| 18:45 | Build | Mining Camp |
| 18:47 | Create | Villager (Male) |
| 18:55 | Build | Farm |
| 18:56 | Build | Farm |
| 18:57 | Build | Farm |
| 19:00 | Build | Farm |
| 19:05 | Create | Villager (Male) |
| 19:13 | Build | Farm |
| 19:19 | Build | Farm |
| 19:20 | Create | Villager (Male) |
| 19:24 | Build | Farm |
| 19:32 | Create | Villager (Male) |
| 19:43 | Build | Farm |
| 19:48 | Create | Villager (Male) |
| 19:59 | Create | Villager (Male) |
| 19:59 | Create | Villager (Male) |
| 20:10 | Build | Farm |
| 20:13 | Create | Villager (Male) |
| 20:19 | Create | Villager (Male) |
| 20:28 | Build | Farm |
| 20:31 | Create | Villager (Male) |
| 20:35 | Create | Villager (Male) |
| 20:43 | Build | Farm |
| 20:45 | Create | Villager (Male) |
| 20:55 | Create | Villager (Male) |
| 20:55 | Create | Villager (Male) |
| 21:04 | Create | Villager (Male) |
| 21:07 | Build | Farm |
| 21:13 | Create | Villager (Male) |
| 21:17 | Build | Farm |
| 21:19 | Create | Villager (Male) |
| 21:28 | Create | Villager (Male) |
| 21:29 | Create | Villager (Male) |
| 21:35 | Build | Farm |
| 21:36 | Create | Villager (Male) |
| 21:40 | Create | Villager (Male) |
| 21:56 | Create | Villager (Male) |
| 22:00 | Create | Villager (Male) |
| 22:07 | Build | Farm |
| 22:10 | Create | Villager (Male) |
| 22:13 | Create | Villager (Male) |
| 22:15 | Create | Villager (Male) |
| 22:25 | Build | Farm |
| 22:29 | Create | Villager (Male) |
| 22:33 | Build | Farm |
| 22:38 | Create | Villager (Male) |
| 22:40 | Create | Villager (Male) |
| 22:48 | Build | Farm |
| 22:49 | Create | Villager (Male) |
| 22:55 | Create | Villager (Male) |
| 23:10 | Build | Castle |
| 23:15 | Create | Villager (Male) |
| 23:17 | Build | Farm |
| 23:23 | Create | Villager (Male) |
| 23:25 | Create | Villager (Male) |
| 23:33 | Build | Farm |
| 23:43 | Build | Mill |
| 23:45 | Build | Farm |
| 23:47 | Build | Farm |
| 23:48 | Build | Farm |
| 23:49 | Build | Farm |
| 23:50 | Build | Farm |
| 23:52 | Build | Farm |
| 23:55 | Build | Farm |
| 24:00 | Create | Villager (Male) |
| 24:03 | Research | Wheelbarrow |
| 24:04 | Create | Villager (Male) |
| 24:04 | Create | Villager (Male) |
| 24:06 | Create | Villager (Male) |
| 24:06 | Create | Villager (Male) |
| 24:16 | Build | Farm |
| 24:22 | Build | Farm |
| 24:25 | Create | Villager (Male) |
| 24:31 | Create | Villager (Male) |
| 24:41 | Research | Scale Barding Armor |
| 24:47 | Build | Farm |
| 24:55 | Create | Villager (Male) |
| 24:58 | Create | Villager (Male) |
| 25:05 | Create | Villager (Male) |
Build order — Caronte
First 150 of 223 actions detected
| 0:30 | Create | Villager (Male) ×4 |
| 0:34 | Build | House |
| 0:56 | Build | House |
| 3:14 | Create | Villager (Male) ×3 |
| 3:43 | Build | Mill |
| 4:07 | Create | Villager (Male) ×2 |
| 5:01 | Create | Villager (Male) ×2 |
| 5:22 | Create | Villager (Male) ×2 |
| 5:29 | Build | House |
| 5:31 | Build | House |
| 5:46 | Create | Villager (Male) |
| 7:36 | Create | Villager (Male) |
| 7:37 | Create | Villager (Male) |
| 7:39 | Create | Villager (Male) |
| 7:39 | Create | Villager (Male) |
| 8:46 | Build | Lumber Camp |
| 9:51 | Research | Feudal Age |
| 11:57 | Create | Villager (Male) |
| 11:57 | Create | Villager (Male) |
| 11:57 | Create | Villager (Male) |
| 12:01 | Age | Feudal Age |
| 12:11 | Research | Double-Bit Axe |
| 12:19 | Research | Horse Collar |
| 14:11 | Build | Farm |
| 14:11 | Build | Farm |
| 14:11 | Build | Farm |
| 14:11 | Build | Farm |
| 14:14 | Build | Farm |
| 14:14 | Build | Farm |
| 14:18 | Research | Wheelbarrow |
| 14:20 | Create | Villager (Male) |
| 14:21 | Create | Villager (Male) |
| 14:21 | Create | Villager (Male) |
| 14:22 | Create | Villager (Male) |
| 14:24 | Create | Villager (Male) |
| 14:38 | Build | House |
| 14:42 | Build | Blacksmith |
| 14:53 | Build | Farm |
| 14:53 | Build | Farm |
| 14:53 | Build | Farm |
| 14:53 | Build | Farm |
| 14:54 | Build | Farm |
| 15:15 | Build | Farm |
| 15:21 | Build | Farm |
| 15:39 | Build | Farm |
| 16:07 | Build | Mining Camp |
| 16:42 | Build | Market |
| 17:12 | Research | Stone Mining |
| 17:43 | Research | Castle Age |
| 17:57 | Build | Market |
| 18:26 | Build | House |
| 18:32 | Research | Scale Mail Armor |
| 18:32 | Research | Forging |
| 18:43 | Build | Barracks |
| 19:57 | Build | Archery Range |
| 20:00 | Build | House |
| 20:04 | Create | Spearman |
| 20:05 | Create | Spearman |
| 20:15 | Research | Padded Archer Armor |
| 20:23 | Age | Castle Age |
| 20:31 | Create | Villager (Male) |
| 20:32 | Create | Villager (Male) |
| 20:45 | Build | Town Center |
| 20:49 | Research | Bow Saw |
| 21:16 | Research | Crossbowman (upgrade) |
| 21:19 | Create | Skirmisher |
| 21:19 | Create | Skirmisher |
| 21:44 | Create | Spearman |
| 21:44 | Create | Spearman |
| 21:55 | Build | House |
| 21:57 | Create | Villager (Male) ×5 |
| 22:33 | Build | Monastery |
| 22:35 | Create | Villager (Male) |
| 22:35 | Create | Villager (Male) |
| 22:38 | Create | Spearman |
| 22:39 | Create | Spearman |
| 23:04 | Create | Villager (Male) ×3 |
| 23:25 | Build | Castle |
| 23:44 | Create | Villager (Male) ×3 |
| 23:50 | Build | House |
| 23:52 | Build | House |
| 23:54 | Build | House |
| 24:06 | Build | Town Center |
| 24:26 | Create | Villager (Male) |
| 24:26 | Create | Villager (Male) |
| 24:49 | Build | Mining Camp |
| 24:56 | Build | House |
| 25:00 | Build | Archery Range |
| 25:04 | Create | Villager (Male) |
| 25:05 | Create | Villager (Male) |
| 25:07 | Create | Villager (Male) |
| 25:23 | Create | Villager (Male) ×2 |
| 25:42 | Create | Villager (Male) |
| 25:49 | Build | Farm |
| 25:49 | Build | Farm |
| 25:49 | Build | Farm |
| 25:50 | Build | Farm |
| 25:52 | Build | Farm |
| 25:58 | Build | Farm |
| 25:59 | Build | Farm |
| 25:59 | Build | Farm |
| 26:01 | Build | Farm |
| 26:07 | Build | Farm |
| 26:11 | Build | Farm |
| 26:16 | Build | Farm |
| 26:20 | Build | Farm |
| 26:23 | Create | Villager (Male) ×3 |
| 26:52 | Research | Heavy Plow |
| 26:53 | Research | Heavy Plow |
| 27:01 | Build | Farm |
| 27:07 | Create | Villager (Male) ×2 |
| 27:14 | Create | Monk |
| 27:15 | Create | Monk |
| 27:15 | Create | Monk |
| 27:28 | Create | Shotel Warrior ×3 |
| 27:37 | Create | Archer ×2 |
| 28:10 | Research | Thumb Ring |
| 28:18 | Research | Fletching |
| 28:26 | Create | Shotel Warrior |
| 28:27 | Create | Shotel Warrior |
| 28:29 | Create | Archer |
| 28:30 | Create | Archer |
| 28:33 | Build | Farm |
| 28:37 | Create | Villager (Male) |
| 28:37 | Create | Villager (Male) ×2 |
| 29:16 | Research | Iron Casting |
| 29:26 | Create | Villager (Male) |
| 29:26 | Create | Villager (Male) |
| 30:28 | Create | Villager (Male) ×5 |
| 30:30 | Research | Hand Cart |
| 30:35 | Build | Farm |
| 32:14 | Research | Imperial Age |
| 32:26 | Create | Shotel Warrior |
| 32:26 | Create | Shotel Warrior |
| 32:28 | Create | Archer |
| 32:29 | Create | Archer |
| 32:57 | Create | Archer ×5 |
| 33:09 | Build | Archery Range |
| 33:10 | Build | Archery Range |
| 33:14 | Build | Siege Workshop |
| 33:15 | Build | Siege Workshop |
| 33:22 | Build | University |
| 33:26 | Research | Bodkin Arrow |
| 34:38 | Research | Leather Archer Armor |
| 34:39 | Create | Archer ×5 |
| 34:40 | Create | Archer ×5 |
| 34:47 | Create | Villager (Male) ×5 |
| 34:50 | Build | House |
| 34:51 | Build | House |
| 34:52 | Build | House |
Match timeline
| 5:12 | babayega · wall_segment Palisade Wall x17 |
| 7:06 | Gotha · first_building Barracks |
| 9:49 | babayega · first_building Barracks |
| 10:10 | DLirio_ · age_up feudal |
| 10:46 | AFABOSTERA · first_building Barracks |
| 11:49 | Peacethiew · age_up feudal |
| 12:01 | Caronte · age_up feudal |
| 12:27 | AFABOSTERA · age_up feudal |
| 12:49 | Gotha · age_up feudal |
| 12:53 | Gotha · first_building Stable |
| 12:59 | AFABOSTERA · first_building Stable |
| 13:17 | MylordSoares · age_up feudal |
| 13:23 | babayega · age_up feudal |
| 13:28 | DLirio_ · first_building Barracks |
| 14:23 | M1rc0ss_ · age_up feudal |
| 15:21 | M1rc0ss_ · first_building Barracks |
| 16:29 | M1rc0ss_ · first_building Stable |
| 16:44 | Gotha · age_up castle |
| 18:03 | MylordSoares · age_up castle |
| 18:09 | Peacethiew · age_up castle |
| 18:21 | AFABOSTERA · first_market_buy 100 food |
| 18:27 | AFABOSTERA · first_market_sell 100 wood |
| 18:43 | Caronte · first_building Barracks |
| 18:58 | M1rc0ss_ · age_up castle |
| 19:57 | Caronte · first_building Archery Range |
| 20:23 | Caronte · age_up castle |
| 21:14 | AFABOSTERA · age_up castle |
| 22:09 | M1rc0ss_ · first_market_sell 100 wood |
| 22:10 | M1rc0ss_ · first_market_buy 100 food |
| 22:33 | Caronte · first_building Monastery |
| 23:03 | Peacethiew · first_market_buy 100 food |
| 23:05 | DLirio_ · age_up castle |
| 23:10 | Gotha · first_building Castle |
| 23:25 | Caronte · first_building Castle |
| 23:45 | babayega · first_building Stable |
| 24:56 | babayega · age_up castle |
| 24:59 | babayega · first_building Archery Range |
| 25:18 | babayega · first_building Castle |
| 25:38 | DLirio_ · first_building Monastery |
| 26:50 | Peacethiew · first_building Barracks |
| 27:04 | M1rc0ss_ · first_building Castle |
| 27:49 | Gotha · first_market_sell 100 wood |
| 28:12 | DLirio_ · first_building Castle |
| 29:58 | Peacethiew · first_building Castle |
| 30:13 | MylordSoares · first_building Castle |
| 30:42 | DLirio_ · wall_segment Stone Wall x32 |
| 31:01 | MylordSoares · age_up imperial |
| 31:42 | DLirio_ · wall_segment Stone Wall x13 |
| 31:58 | MylordSoares · first_building Siege Workshop |
| 32:29 | babayega · first_building Siege Workshop |
| 32:36 | Peacethiew · first_building Stable |
| 32:40 | M1rc0ss_ · first_building Siege Workshop |
| 32:46 | Gotha · age_up imperial |
| 32:52 | babayega · first_building Monastery |
| 33:14 | Caronte · first_building Siege Workshop |
| 34:00 | M1rc0ss_ · age_up imperial |
| 34:51 | AFABOSTERA · first_building Monastery |
| 35:03 | DLirio_ · wall_segment Stone Wall x13 |
| 35:24 | Caronte · age_up imperial |
| 35:56 | DLirio_ · age_up imperial |
| 36:06 | MylordSoares · first_building Stable |
| 36:11 | Peacethiew · wall_segment Stone Wall x3 |
| 37:10 | babayega · age_up imperial |
| 37:27 | Peacethiew · age_up imperial |
| 38:57 | Caronte · first_market_sell 500 food |
| 39:09 | AFABOSTERA · age_up imperial |
| 46:11 | M1rc0ss_ · tribute_sent a jugador 1 |
| 46:11 | M1rc0ss_ · tribute_sent a jugador 3 |
| 46:11 | M1rc0ss_ · tribute_sent a jugador 4 |
| 46:11 | M1rc0ss_ · tribute_sent a jugador 5 |
| 46:11 | M1rc0ss_ · tribute_sent a jugador 6 |
| 46:11 | M1rc0ss_ · tribute_sent a jugador 7 |
| 46:11 | M1rc0ss_ · tribute_sent a jugador 8 |
| 46:53 | Gotha · resign |
[ AI ANALYSIS · 1 CREDIT ]
What really happened in this match?
Wolo.gg analyzes every decision: build order, eco, micro, common mistakes by bracket. Personalized analysis on WhatsApp or Discord in 30 seconds.
Civ guide
Cumans
Map guide
Arena
Perfil
babayega